 Dungeon Crawl Stone Soup version 0.29.1-13-g9f3cf754e1 (webtiles) character file.

Game seed: 15671651697817721839

9231 zeram the Basher (level 11, -1/104 HPs)
             Began as a Troll Fighter on Jan 23, 2023.
             Was an Initiate of Gozag.
             Slain by a yak (2 damage)
             ... while petrified by a catoblepas
             ... on level 2 of the Lair of Beasts.
             The game lasted 00:17:14 (8470 turns).

zeram the Basher (Troll Fighter)                    Turns: 8470, Time: 00:17:14

Health: -1/104     AC:  5    Str: 28    XL:     11   Next: 20%
Magic:  10/10      EV:  1    Int:  6    God:    Gozag
Gold:   885        SH:  0    Dex:  9    Spells: 6/10 levels left

rFire   . . .      SeeInvis .   d - +2 whip (elec)
rCold   . . .      Faith    .   c - +1 kite shield
rNeg    + + +      Spirit   .   b - +0 robe
rPois   ∞          Reflect  .   (helmet restricted)
rElec   .          Harm     .   v - +0 cloak
rCorr   .          Rampage  .   (gloves unavailable)
Will    .....                   (boots unavailable)
Stlth   +.........              (no amulet)
HPRegen 1.07/turn               k - +4 ring of slaying
MPRegen 0.12/turn               s - +4 ring of evasion

@: petrified, gold aura
A: large, unfitting armour, claws 3, regeneration 1, shaggy fur 1, tough skin 1
a: Renounce Religion, Potion Petition, Call Merchant, Bribe Branch


You were on level 2 of the Lair of Beasts.
You worshipped Gozag.
Gozag was pleased with you.
You visited 4 branches of the dungeon, and saw 14 of its levels.

You collected 1365 gold pieces.
You spent 420 gold pieces at shops.
You paid 60 gold pieces to Gozag.

Inventory:

Hand Weapons
 a - a +0 flail
 d - a +2 whip of electrocution (weapon)
Missiles
 o - a throwing net (quivered)
Armour
 b - a +0 robe (worn)
 c - a +1 kite shield (worn)
 v - a +0 cloak (worn)
Jewellery
 k - a +4 ring of slaying (left claw)
 s - a +4 ring of evasion (right claw)
 C - a +4 ring of evasion
 D - a ring of protection from cold
Wands
 r - a wand of flame (24)
 x - a wand of roots (4)
Scrolls
 h - a scroll of magic mapping
 p - 2 scrolls of fog
 t - a scroll of amnesia
 y - 4 scrolls of teleportation
 E - a scroll of enchant armour
Potions
 e - 2 potions of magic {unknown}
 f - a potion of resistance
 g - a potion of attraction
 i - a potion of cancellation {unknown}
 j - 4 potions of mutation
 l - 5 potions of degeneration
 m - 4 potions of curing
 n - 2 potions of ambrosia {unknown}
 q - 3 potions of flight
 u - a potion of haste
 z - 5 potions of brilliance
 A - a potion of invisibility {unknown}
 B - a potion of might


   Skills:
 - Level 5.3 Fighting
 + Level 10.1 Maces & Flails
 + Level 8.0 Dodging
 - Level 6.1 Shields
 * Level 3.3 Summonings
 * Level 3.2 Ice Magic


You had 6 spell levels left.
You knew the following spells:

 Your Spells              Type           Power      Damage    Failure   Level
a - Summon Ice Beast      Ice/Summ       3%         N/A       95%         4

Your spell library contained the following spells:

 Spells                   Type           Power      Damage    Failure   Level
 Freeze                   Ice            12%        1d4       28%         1
 Frozen Ramparts          Ice            6%         1d1       63%         3
 Ozocubu's Armour         Ice            3%         N/A       63%         3
 Sublimation of Blood     Necr           0%         N/A       85%         2
 Wereblood                Tmut           0%         N/A       85%         2
 Hailstorm                Conj/Ice       1%         3d3       99%         4
 Ice Form                 Ice/Tmut       1%         N/A       99%         4
 Freezing Cloud           Conj/Ice/Air   0%         6-21      100%        5
 Metabolic Englaciation   Hex/Ice        0%         N/A       100%        5
 Yara's Violent Unravell  Hex/Tmut       0%         3d3       100%        5
 Summon Hydra             Summ           2%         N/A       100%        7
 Simulacrum               Ice/Necr       Unusable   N/A       N/A         6

Dungeon Overview and Level Annotations

Branches:
Dungeon (10/15)            Temple (1/1) D:5            Lair (2/5) D:9
    Orc (1/2) D:9
  Swamp: Lair:2-3    Shoals: Lair:2-3     Snake: Lair:2-3    Spider: Lair:2-3

Altars:
Ashenzari
Cheibriados
Dithmenos
Elyvilon
Fedhas
Gozag
Hepliaklqana
Kikubaaqudgha
Makhleb
Nemelex Xobeh
Okawaru
Qazlal
Ru
Sif Muna
Trog
Uskayaw
Vehumet
Wu Jian
Xom
Yredelemnul
Zin
The Shining One

Shops:
D:5 *   D:8 :   D:9 =

Annotations:
Orc:1 Urug


Innate Abilities, Weirdness & Mutations

You are too large for most types of armour.
You have claws for hands.
Your natural rate of healing is unusually fast.
You are covered in fur. (AC +1)
You have tough skin. (AC +1)


Message History

You are engulfed in calcifying dust.
Your limbs have turned to stone.
The yak stops moving altogether!
The wolf is engulfed in calcifying dust. x2
You have turned to stone.
The wolf is engulfed in calcifying dust.
The blink frog blinks!
The yak is distracted by your dazzling golden aura. x2
The blink frog blinks!
The yak gores you!
The wolf is engulfed in calcifying dust.
The yak bellows! x2
The yak is no longer distracted by gold.
The catoblepas breathes a plume of calcifying dust at you.
The blast of calcifying dust hits you.
The wolf is engulfed in calcifying dust.
The yak gores you!
You are engulfed in calcifying dust.
The blink frog is distracted by your dazzling golden aura.
The catoblepas gores you! The yak gores you!
You are engulfed in calcifying dust.
The yak is no longer distracted by gold.
The blink frog blinks!
The catoblepas gores you! The yak gores you.
You are engulfed in calcifying dust.
The blink frog blinks!
The blink frog is distracted by your dazzling golden aura.
The catoblepas snuffles in challenge.
The catoblepas gores you!!
* * * LOW HITPOINT WARNING * * *
The yak gores you!
* * * LOW HITPOINT WARNING * * *
The blink frog croaks.
The blink frog gives a loud, deep croak!
You are engulfed in calcifying dust.
The blink frog is no longer distracted by gold.
The catoblepas gores you!
* * * LOW HITPOINT WARNING * * *
The blink frog blinks!
The yak gores you but does no damage. The catoblepas gores you!!
* * * LOW HITPOINT WARNING * * *
The yak gores you.
You die...
Your body crumbles into a pile of gold.

.. P.#....... ......
....8...8. .....$#
.F....... ...?.#.#
.F...8Y..
##..........##YFY§.F
#..........#FYlYh#
##........#.YlYY#
#...........8Yh##
#.......##..Y@#
#........#.+#$#
##.......###...#
#...<..........##
#.....#.........#
##..###..##.#..##
#....# #..####..#
##.... #..# #..#
#.#...##... #..P


You could see a catoblepas, 8 yaks, 2 basilisks, 4 blink frogs and 2 wolves.

Vanquished Creatures
  A hydra (Lair:2)
  Pikel (D:3)
  A manticore (D:9)
  An ugly thing (D:9)
  A cyclops (D:9)
  2 komodo dragons (Lair:1)
  Psyche (D:9)
  A polar bear (Lair:1)
  Grinder (D:6)
  A slime creature (D:9)
  5 yaks
  A wyvern (D:9)
  2 basilisks (Lair:1)
  A steam dragon (D:9)
  7 water moccasins
  4 orc warriors
  A black bear (D:8)
  An ice beast (D:8)
  An ogre (D:7)
  2 wolves (Lair:2)
  4 centaurs
  A phantom (D:5)
  2 kobold brigands
  A lemure (D:3)
  5 bullfrogs
  Blork the orc (D:6)
  A scorpion (D:5)
  4 wights (D:7)
  6 killer bees
  3 howler monkeys
  A jelly (D:7)
  Crazy Yiuf (D:6)
  4 gnoll boudas
  4 hounds
  11 orc priests
  3 iguanas
  10 orc wizards
  5 adders
  16 gnolls
  2 shadow imps (D:7)
  A white imp (D:5)
  An ufetubus (D:5)
  3 dart slugs
  28 orcs
  6 endoplasms
  A giant cockroach (D:1)
  7 goblins
  3 hobgoblins
  19 kobolds
  4 quokkas
  3 ball pythons
  A bat (D:2)
  3 frilled lizards (D:2)
  4 rats
205 creatures vanquished.

Vanquished Creatures (others)
  5 fungi
  9 plants
14 creatures vanquished.

Grand Total: 219 creatures vanquished

Notes
Turn   | Place    | Note
-------+----------+-------------------------------------------
     0 | D:1      | zeram the Troll Fighter began the quest for the Orb.
     0 | D:1      | Reached XP level 1. HP: 22/22 MP: 0/0
    33 | D:1      | You fall into a shaft and drop 1 floor!
   116 | D:2      | Reached XP level 2. HP: 22/29 MP: 1/1
   181 | D:2      | Found a shimmering altar of Xom.
   322 | D:2      | Reached XP level 3. HP: 36/36 MP: 2/2
   447 | D:2      | Reached skill level 2 in Maces & Flails
   701 | D:2      | Found a faded altar of an unknown god.
  1346 | D:3      | Reached XP level 4. HP: 45/45 MP: 3/3
  1605 | D:4      | Noticed a lemure
  1606 | D:4      | Noticed Pikel
  1608 | D:4      | Noticed a lemure
  1613 | D:4      | Noticed a lemure
  1615 | D:4      | Noticed a lemure
  1717 | D:3      | Killed a lemure
  1718 | D:3      | HP: 2/45 [iguana (10)]
  1724 | D:3      | Reached skill level 3 in Maces & Flails
  1724 | D:3      | Reached XP level 5. HP: 9/53 MP: 4/4
  1729 | D:3      | Killed Pikel
  1730 | D:3      | Reached skill level 4 in Maces & Flails
  1730 | D:3      | Reached XP level 6. HP: 10/61 MP: 5/5
  1730 | D:3      | Reached XP level 7. HP: 11/67 MP: 6/6
  2776 | D:4      | Found an ancient bone altar of Kikubaaqudgha.
  2776 | D:4      | Found a blossoming altar of Fedhas.
  2958 | D:5      | Entered Level 5 of the Dungeon
  2958 | D:5      | Found Orist's Assorted Antiques.
  3076 | D:5      | Reached skill level 5 in Maces & Flails
  3144 | D:5      | Found a staircase to the Ecumenical Temple.
  3344 | D:5      | Reached XP level 8. HP: 77/78 MP: 7/7
  3479 | D:5      | Reached skill level 5 in Shields
  3590 | Temple   | Entered the Ecumenical Temple
  3708 | Temple   | Became a worshipper of Gozag Ym Sagoz the Greedy
  3801 | D:6      | Found a runed translucent door.
  3802 | D:6      | Noticed Crazy Yiuf
  3882 | D:6      | Reached skill level 6 in Maces & Flails
  3882 | D:6      | Reached skill level 5 in Dodging
  3945 | D:6      | Noticed Grinder
  3967 | D:6      | Killed Grinder
  4054 | D:6      | Noticed Blork the orc
  4060 | D:6      | Killed Blork the orc
  4336 | D:6      | Reached XP level 9. HP: 27/85 MP: 8/8
  4505 | D:6      | Killed Crazy Yiuf
  4736 | D:7      | Found a shadowy altar of Dithmenos.
  4736 | D:7      | Found a radiant altar of Vehumet.
  4942 | D:7      | Reached skill level 7 in Maces & Flails
  4944 | D:7      | Reached skill level 5 in Fighting
  5849 | D:8      | Found Goycustra's Book Boutique.
  5855 | D:8      | Bought a book of Rime for 420 gold pieces
  5860 | D:8      | Learned a level 4 spell: Summon Ice Beast
  6397 | D:9      | Noticed a white ugly thing
  6404 | D:9      | Noticed a cyclops
  6439 | D:9      | Noticed a manticore
  6462 | D:9      | Killed a cyclops
  6463 | D:9      | Reached skill level 8 in Maces & Flails
  6463 | D:9      | Reached skill level 1 in Summonings
  6463 | D:9      | Reached skill level 1 in Ice Magic
  6467 | D:9      | Killed a white ugly thing
  6468 | D:9      | Reached XP level 10. HP: 42/96 MP: 9/9
  6652 | D:9      | Found Boopnode's Jewellery Boutique.
  6882 | D:9      | Found a staircase to the Orcish Mines.
  6999 | D:9      | Killed a manticore
  7000 | D:9      | Reached skill level 9 in Maces & Flails
  7172 | D:9      | Identified the +1 morningstar "Fiungal" {flame, +Blink rC+
                  | Will+}
  7283 | D:9      | Noticed Psyche
  7284 | D:9      | Found a staircase to the Lair.
  7287 | D:9      | Killed Psyche
  7453 | D:10     | Entered Level 10 of the Dungeon
  7475 | Orc:1    | Entered Level 1 of the Orcish Mines
  7477 | Orc:1    | Noticed Urug
  7653 | Lair:1   | Entered Level 1 of the Lair of Beasts
  7880 | Lair:1   | Reached XP level 11. HP: 104/104 MP: 10/10
  7904 | Lair:1   | Got the Spellbook of Glacial Moulding
  8218 | Lair:1   | Reached skill level 10 in Maces & Flails
  8355 | Lair:2   | Noticed a seven-headed hydra
  8362 | Lair:2   | Killed a seven-headed hydra
  8435 | Lair:2   | Noticed a catoblepas
  8470 | Lair:2   | HP: 1/104 [catoblepas (9)]
  8470 | Lair:2   | Slain by a yak

Illustrated notes

Levels and vault maps discovered:
D:1:      dpeg_arrival_rooms_with_view, layout_basic,
          nicolae_figureground_sparkle
D:2:      minmay_evil_eye, layout_basic,
          shapermc_ecumenical_altar_mp_urbaneastern, basic_altar,
          minmay_misc_feat_diagonals
D:3:      layout_basic
D:4:      layout_layer_cave, grunt_temple_overflow_growth_and_decay, uniq_pikel
D:5:      layout_cave_pools, minmay_temple_entry_tees, serial_shops,
          nicolae_shop_hallway_stairs
D:6:      layout_basic, uniq_crazy_yiuf_cottage, uniq_blork_the_orc,
          uniq_grinder
D:7:      layout_loops_ring, gammafunk_temple_overflow_elements,
          roderic_lattice_a, kennysheep_minor_cross
D:8:      layout_basic, serial_shops, nicolae_shop_advertising_works
          [nicolae_subvault_shop_adworks]
D:9:      layout_loops_ring, lair_entry_dummy, david_orc_3, serial_shops,
          nicolae_diamond_shop, minmay_diamond_spiral, uniq_psyche
D:10:     layout_basic, corner_web_ring
Temple:   nicolae_temple_two_arcs
Lair:1:   layout_big_grid
Lair:2:   layout_small_grid, minmay_snake_entry_spellcaster,
          maelrawn_ghost_gauntlet_escape, amcnicky_mini_pool_medium,
          grunt_megastairs_4, serial_bayou_shore_a, uniq_erica
Orc:1:    layout_caves, serial_shops, shop_statue, uniq_maurice, uniq_urug

Skill      XL: |  1  2  3  4  5  6  7  8  9 10 11 |
---------------+----------------------------------+-----
Shields        | 3 4 5 6 |  6.1
Maces & Flails | 2 3 4 5 6 8 9 10 | 10.1
Dodging        | 3 4 5 6 7 8 |  8.0
Fighting       | 3 4 5 |  5.3
Summonings     | 1 3 |  3.3
Ice Magic      | 1 3 |  3.2

Action                   |  1- 3 |  4- 6 |  7- 9 | 10-12 || total
-------------------------+-------+-------+-------+-------++-------
Melee: Flail             |    94 |    48 |       |       ||   142
       Whip              |       |       |   375 |   304 ||   679
  Use: Scroll            |     3 |     6 |     4 |     7 ||    20
       Potion            |     1 |     1 |     5 |     4 ||    11
 Stab: Distracted        |       |       |     1 |       ||     1
       Petrified         |       |       |       |     7 ||     7
       Petrifying        |       |       |       |     1 ||     1
Armor: Robe              |    24 |    17 |    64 |    49 ||   154
Dodge: Dodged            |    36 |    35 |   203 |   121 ||   395
Block: Kite shield       |    32 |    42 |   207 |   117 ||   398
